General information
- name: BNet
- type: Ladder team game (AT/RT)
- host: Battle.net
- saver: Team3
map: FullScaleAssault
- players: 8
- length: 58:21
- speed: Fast
- version: 1.26 W3XP
- replay type: Public
» download(333 KB)
Players
team 1 (winner)

»
jonas33 (
red | 96 APM | 3955 actions | 41:22)
7 Demon Hunter
3 Mana Burn
3 Evasion
1 Metamorphosis
6 Keeper of the Grove
3 Entangling Roots
2 Thorns Aura
1 Tranquility
5 Priestess of the Moon
3 Trueshot Aura
2 Scout
» actions
| Assign group hotkey | 38 | |
| Basic commands | 30 | |
| Build / train | 140 | |
| ESC pressed | 18 | |
| Enter build submenu | 27 | |
| Enter hero's abilities submenu | 18 | |
| Right click | 1918 | |
| Select / deselect | 764 | |
| Select group hotkey | 849 | |
| Use ability | 153 | |
3955 total
» units
| Wisp | 43 | |
| Archer | 7 | |
| Goblin Zeppelin | 5 | |
| Hippogryph | 15 | |
| Mountain Giant | 1 | |
| Faerie Dragon | 1 | |
| Chimaera | 3 | |
| Blue Dragon | 3 | |
78 total
» upgrades
| Improved Bows | 1 | |
| Hippogryph Taming | 1 | |
| Strength of the Wild | 3 | |
| Reinforced Hides | 3 | |
| Hardened Skin | 1 | |
| Corrosive Breath | 1 | |
| Resistant Skin | 1 | |
| Nature's Blessing | 1 | |
| Abolish Magic | 1 | |
13 total
» buildings
| Altar of Elders | 1 | |
| Moon Well | 7 | |
| Ancient of War | 1 | |
| Tree of Ages | 2 | |
| Tree of Life | 4 | |
| Hunter's Hall | 1 | |
| Ancient of Wind | 2 | |
| Tree of Eternity | 2 | |
| Ancient of Lore | 2 | |
| Chimaera Roost | 3 | |
| Ancient Protector | 3 | |
| Ancient of Wonders | 1 | |
29 total
» build order
00:06 Altar of Elders
00:18 Moon Well
00:31 Ancient of War
01:28 Moon Well
01:55 Moon Well
03:18 Tree of Ages
05:00 Tree of Life
05:09 Hunter's Hall
05:17 Moon Well
06:04 Ancient of Wind
06:10 Ancient of Wind
08:29 Tree of Eternity
08:29 Tree of Eternity
08:33 Moon Well
08:37 Ancient of Lore
08:41 Ancient of Lore
08:50 Tree of Life
10:57 Chimaera Roost
10:58 Chimaera Roost
11:47 Chimaera Roost
12:49 Tree of Ages
13:21 Ancient Protector
13:34 Moon Well
14:21 Ancient Protector
14:41 Ancient of Wonders
18:36 Moon Well
20:00 Tree of Life
21:40 Ancient Protector
30:44 Tree of Life
» items
| Scroll of Town Portal | 7 | |
| Scroll of Speed | 1 | |
| Boots of Speed | 1 | |
| Potion of Lesser Invulnerability | 1 | |
| Scroll of Healing | 1 | |
| Scroll of Protection | 1 | |
| Periapt of Vitality | 1 | |
| Potion of Healing | 1 | |
| Orb of Venom | 1 | |
15 total
TimeWindow (
green | 125 APM | 883 actions | 07:03)
2 Archmage
1 Summon Water Elemental
1 Brilliance Aura
» actions
| Assign group hotkey | 13 | |
| Basic commands | 36 | |
| Build / train | 53 | |
| ESC pressed | 1 | |
| Enter build submenu | 12 | |
| Enter hero's abilities submenu | 2 | |
| Right click | 388 | |
| Select / deselect | 190 | |
| Select group hotkey | 155 | |
| Use ability | 33 | |
883 total
» units
» upgrades
» buildings
| Altar of Kings | 1 | |
| Farm | 4 | |
| Barracks | 1 | |
| Scout Tower | 3 | |
| Arcane Tower | 6 | |
| Town Hall | 1 | |
| Lumber Mill | 1 | |
| Guard Tower | 4 | |
21 total
» build order
00:39 Altar of Kings
00:53 Farm
01:04 Barracks
01:32 Farm
02:09 Scout Tower
02:38 Farm
03:51 Scout Tower
03:51 Scout Tower
04:04 Arcane Tower
04:04 Arcane Tower
04:57 Town Hall
05:15 Lumber Mill
05:25 Arcane Tower
05:25 Arcane Tower
05:33 Farm
06:40 Guard Tower
» items
1.8T (
pink | 59 APM | 3411 actions | 57:23)
7 Keeper of the Grove
3 Force of Nature
1 Entangling Roots
2 Thorns Aura
1 Tranquility
5 Priestess of the Moon
3 Trueshot Aura
2 Searing Arrows
5 Archmage
2 Brilliance Aura
1 Mass Teleport
2 Summon Water Elemental
» actions
| Assign group hotkey | 67 | |
| Basic commands | 101 | |
| Build / train | 257 | |
| ESC pressed | 10 | |
| Enter build submenu | 62 | |
| Enter hero's abilities submenu | 17 | |
| Right click | 1030 | |
| Select / deselect | 838 | |
| Select group hotkey | 885 | |
| Use ability | 144 | |
3411 total
» units
| Wisp | 22 | |
| Archer | 39 | |
| Rifleman | 21 | |
| Hippogryph | 53 | |
| Siege Engine | 15 | |
| Mortar Team | 11 | |
| Dryad | 4 | |
165 total
» upgrades
| Improved Bows | 1 | |
| Gunpowder | 3 | |
| Armor | 3 | |
| Strength of the Moon | 3 | |
| Moon Armor | 3 | |
| Hippogryph Taming | 1 | |
| Long Rifles | 1 | |
| Lumber Harvesting | 2 | |
| Strength of the Wild | 3 | |
| Reinforced Hides | 2 | |
| Masonry | 2 | |
| Flare | 1 | |
| Fragmentation Shards | 1 | |
| Barrage | 1 | |
| Marksmanship | 1 | |
28 total
» buildings
| Altar of Elders | 1 | |
| Moon Well | 10 | |
| Ancient of Wonders | 1 | |
| Ancient of War | 2 | |
| Tree of Ages | 4 | |
| Farm | 18 | |
| Keep | 2 | |
| Hunter's Hall | 1 | |
| Barracks | 4 | |
| Blacksmith | 2 | |
| Lumber Mill | 2 | |
| Ancient of Wind | 2 | |
| Scout Tower | 1 | |
| Castle | 5 | |
| Guard Tower | 1 | |
| Tree of Life | 2 | |
| Workshop | 3 | |
| Tree of Eternity | 2 | |
| Town Hall | 5 | |
| Altar of Kings | 1 | |
69 total
» build order
00:05 Altar of Elders
00:22 Moon Well
01:16 Ancient of Wonders
01:19 Moon Well
02:05 Ancient of War
02:08 Ancient of War
02:39 Moon Well
02:58 Moon Well
04:43 Moon Well
05:43 Moon Well
05:47 Moon Well
06:16 Tree of Ages
06:16 Tree of Ages
06:16 Tree of Ages
06:58 Moon Well
07:20 Farm
07:51 Keep
07:57 Hunter's Hall
08:11 Barracks
08:13 Barracks
08:18 Blacksmith
08:24 Lumber Mill
08:42 Ancient of Wind
08:43 Ancient of Wind
09:48 Scout Tower
10:05 Farm
10:07 Farm
10:10 Farm
10:31 Castle
10:31 Castle
10:31 Castle
10:32 Castle
10:53 Guard Tower
11:20 Farm
11:22 Farm
12:16 Moon Well
13:22 Tree of Life
14:42 Farm
15:16 Keep
15:28 Workshop
15:29 Workshop
15:32 Workshop
16:30 Tree of Eternity
16:31 Tree of Eternity
16:59 Farm
17:00 Farm
18:29 Moon Well
25:25 Tree of Life
30:54 Town Hall
35:20 Town Hall
51:20 Town Hall
53:06 Altar of Kings
53:09 Farm
53:10 Farm
53:11 Farm
53:15 Barracks
53:16 Barracks
53:21 Blacksmith
53:28 Lumber Mill
53:56 Farm
54:03 Farm
54:53 Farm
54:57 Farm
55:33 Farm
55:41 Farm
57:08 Town Hall
57:15 Town Hall
» items
| Lesser Clarity Potion | 3 | |
| Dust of Appearance | 1 | |
4 total
ThirdTeam (
teal | 50 APM | 2917 actions | 58:21)
9 Blademaster
3 Wind Walk
3 Critical Strike
1 Bladestorm
2 Mirror Image
» actions
| Assign group hotkey | 20 | |
| Basic commands | 582 | |
| Build / train | 87 | |
| Enter build submenu | 66 | |
| Enter hero's abilities submenu | 9 | |
| Give item / drop item | 7 | |
| Right click | 909 | |
| Select / deselect | 642 | |
| Select group hotkey | 340 | |
| Use ability | 255 | |
2917 total
» units
| Peon | 13 | |
| Grunt | 3 | |
| Goblin Shredder | 2 | |
| Goblin Zeppelin | 4 | |
| Goblin Sapper | 11 | |
| Troll Batrider | 3 | |
| Wind Rider | 6 | |
| Blue Dragon | 2 | |
44 total
» upgrades
| Reinforced Defenses | 1 | |
| Ranged Weapons | 3 | |
| Armor | 3 | |
| Liquid Fire | 1 | |
| Troll Regeneration | 1 | |
| Envenomed Spears | 1 | |
| Ensnare | 1 | |
| Spiked Barricades | 2 | |
13 total
» buildings
| Orc Burrow | 4 | |
| Altar of Storms | 1 | |
| Barracks | 1 | |
| Voodoo Lounge | 2 | |
| Stronghold | 1 | |
| War Mill | 1 | |
| Great Hall | 3 | |
| Fortress | 1 | |
| Watch Tower | 50 | |
| Beastiary | 4 | |
| Arcane Vault | 1 | |
69 total
» build order
00:13 Orc Burrow
00:27 Orc Burrow
00:58 Altar of Storms
01:00 Barracks
01:51 Voodoo Lounge
02:49 Stronghold
03:38 War Mill
04:35 Orc Burrow
04:56 Great Hall
06:22 Fortress
06:35 Orc Burrow
07:01 Watch Tower
07:01 Watch Tower
07:02 Watch Tower
07:02 Watch Tower
07:26 Watch Tower
07:28 Watch Tower
07:30 Watch Tower
07:33 Watch Tower
07:36 Watch Tower
07:39 Watch Tower
09:15 Great Hall
11:03 Beastiary
11:03 Beastiary
11:04 Beastiary
11:04 Beastiary
13:19 Watch Tower
13:20 Watch Tower
13:20 Watch Tower
13:21 Watch Tower
13:33 Watch Tower
13:33 Watch Tower
13:35 Watch Tower
13:35 Watch Tower
13:37 Watch Tower
14:41 Watch Tower
14:41 Watch Tower
14:42 Watch Tower
14:42 Watch Tower
14:48 Voodoo Lounge
16:16 Watch Tower
16:20 Watch Tower
16:22 Watch Tower
16:25 Watch Tower
16:32 Watch Tower
16:35 Watch Tower
19:57 Arcane Vault
28:43 Watch Tower
28:44 Watch Tower
28:44 Watch Tower
28:45 Watch Tower
28:49 Watch Tower
28:49 Watch Tower
28:50 Watch Tower
29:08 Great Hall
30:46 Watch Tower
30:46 Watch Tower
30:47 Watch Tower
30:47 Watch Tower
31:24 Watch Tower
31:24 Watch Tower
31:24 Watch Tower
31:25 Watch Tower
31:25 Watch Tower
31:31 Watch Tower
31:31 Watch Tower
31:32 Watch Tower
31:32 Watch Tower
» items
| Healing Salve | 4 | |
| Orb of Lightning | 1 | |
| Potion of Healing | 1 | |
| Potion of Mana | 2 | |
| Lesser Clarity Potion | 2 | |
| Mechanical Critter | 2 | |
| Scroll of Town Portal | 4 | |
| Scroll of Healing | 1 | |
| Staff of Teleportation | 1 | |
18 total
team 2 (loser)
Oni- (
orange | 43 APM | 1326 actions | 30:49)
5 Death Knight
3 Death Coil
2 Unholy Aura
4 Lich
2 Frost Nova
2 Frost Armor
» actions
| Assign group hotkey | 34 | |
| Build / train | 69 | |
| Enter build submenu | 15 | |
| Enter hero's abilities submenu | 9 | |
| Give item / drop item | 3 | |
| Remove unit from queue | 3 | |
| Right click | 524 | |
| Select / deselect | 252 | |
| Select group hotkey | 306 | |
| Use ability | 110 | |
1326 total
» units
| Acolyte | 2 | |
| Ghoul | 3 | |
| Crypt Fiend | 15 | |
| Makrura Snapper | 1 | |
| Obsidian Statue | 11 | |
| Blue Dragon | 1 | |
33 total
» upgrades
| Creature Attack | 3 | |
| Creature Carapace | 3 | |
| Web | 1 | |
| Destroyer Form | 1 | |
| Burrow | 0 | |
8 total
» buildings
| Crypt | 1 | |
| Graveyard | 1 | |
| Ziggurat | 9 | |
| Altar of Darkness | 1 | |
| Tomb of Relics | 1 | |
| Halls of the Dead | 1 | |
| Slaughterhouse | 1 | |
| Black Citadel | 1 | |
| Spirit Tower | 2 | |
| Nerubian Tower | 1 | |
19 total
» build order
00:11 Crypt
00:15 Graveyard
00:43 Ziggurat
01:02 Altar of Darkness
01:56 Ziggurat
02:03 Tomb of Relics
03:39 Ziggurat
04:27 Halls of the Dead
05:16 Ziggurat
06:13 Ziggurat
07:13 Slaughterhouse
08:29 Ziggurat
09:19 Black Citadel
10:34 Ziggurat
10:42 Spirit Tower
10:43 Nerubian Tower
14:04 Ziggurat
20:12 Ziggurat
27:06 Spirit Tower
» items
| Rod of Necromancy | 2 | |
| Scroll of Town Portal | 3 | |
| Orb of Corruption | 1 | |
| Dust of Appearance | 1 | |
| Potion of Healing | 1 | |
| Potion of Mana | 1 | |
9 total

»
redskins (
blue | 47 APM | 1058 actions | 22:38)
6 Demon Hunter
3 Immolation
2 Evasion
1 Metamorphosis
» actions
| Assign group hotkey | 30 | |
| Basic commands | 44 | |
| Build / train | 94 | |
| Enter build submenu | 22 | |
| Enter hero's abilities submenu | 6 | |
| Remove unit from queue | 2 | |
| Right click | 303 | |
| Select / deselect | 311 | |
| Select group hotkey | 168 | |
| Use ability | 78 | |
1058 total
» units
| Wisp | 32 | |
| Huntress | 13 | |
| Goblin Zeppelin | 4 | |
| Goblin Shredder | 1 | |
| Hippogryph | 8 | |
| Druid of the Talon | 3 | |
| Chimaera | 5 | |
66 total
» upgrades
| Strength of the Wild | 3 | |
| Reinforced Hides | 1 | |
| Corrosive Breath | 1 | |
| Druid of the Talon Training | 2 | |
| Well Spring | 1 | |
| Mark of the Talon | 1 | |
| Nature's Blessing | 1 | |
10 total
» buildings
| Moon Well | 6 | |
| Altar of Elders | 1 | |
| Hunter's Hall | 1 | |
| Ancient of War | 1 | |
| Ancient of Wonders | 1 | |
| Tree of Ages | 2 | |
| Tree of Life | 6 | |
| Tree of Eternity | 1 | |
| Ancient of Wind | 4 | |
| Chimaera Roost | 3 | |
26 total
» build order
00:04 Moon Well
00:30 Altar of Elders
01:19 Hunter's Hall
01:34 Moon Well
01:57 Ancient of War
02:13 Ancient of Wonders
02:56 Tree of Ages
02:56 Tree of Ages
03:01 Moon Well
05:37 Tree of Life
06:04 Tree of Eternity
06:07 Ancient of Wind
06:09 Ancient of Wind
08:29 Chimaera Roost
08:30 Chimaera Roost
08:31 Chimaera Roost
10:15 Tree of Life
11:41 Tree of Life
12:08 Tree of Life
13:22 Moon Well
13:23 Moon Well
13:24 Moon Well
13:57 Ancient of Wind
14:06 Ancient of Wind
18:59 Tree of Life
20:10 Tree of Life
» items

»
CHECO (
yellow | 77 APM | 2262 actions | 29:26)
3 Blademaster
1 Wind Walk
2 Critical Strike
3 Shadow Hunter
1 Healing Wave
2 Serpent Ward
» actions
| Assign group hotkey | 39 | |
| Basic commands | 244 | |
| Build / train | 169 | |
| ESC pressed | 3 | |
| Enter build submenu | 45 | |
| Enter hero's abilities submenu | 6 | |
| Give item / drop item | 1 | |
| Right click | 466 | |
| Select / deselect | 319 | |
| Select group hotkey | 823 | |
| Use ability | 147 | |
2262 total
» units
| Peon | 29 | |
| Grunt | 5 | |
| Tauren | 8 | |
| Troll Witch Doctor | 12 | |
| Wind Rider | 4 | |
| Troll Headhunter/Berserker | 3 | |
| Shaman | 2 | |
63 total
» upgrades
| Armor | 2 | |
| Berserker Strength | 1 | |
| Spiked Barricades | 3 | |
| Witch Doctor Training | 2 | |
| Melee Weapons | 2 | |
| Envenomed Spears | 1 | |
| Pulverize | 1 | |
| Troll Regeneration | 1 | |
| Shaman Training | 2 | |
| Ranged Weapons | 1 | |
| Berserker Upgrade | 1 | |
17 total
» buildings
| Altar of Storms | 1 | |
| Orc Burrow | 13 | |
| Voodoo Lounge | 1 | |
| Barracks | 1 | |
| War Mill | 2 | |
| Stronghold | 3 | |
| Fortress | 3 | |
| Watch Tower | 19 | |
| Great Hall | 1 | |
| Spirit Lodge | 2 | |
| Tauren Totem | 1 | |
| Beastiary | 1 | |
48 total
» build order
00:10 Altar of Storms
00:15 Orc Burrow
00:51 Voodoo Lounge
01:33 Barracks
01:49 Orc Burrow
02:41 War Mill
03:08 Orc Burrow
04:16 Stronghold
04:16 Stronghold
04:16 Stronghold
06:44 Orc Burrow
07:34 Fortress
07:34 Fortress
07:34 Fortress
08:30 Watch Tower
08:35 Great Hall
09:36 Watch Tower
09:45 Spirit Lodge
10:19 Tauren Totem
10:57 Watch Tower
11:25 Watch Tower
13:05 Orc Burrow
13:12 Orc Burrow
13:19 Orc Burrow
13:45 Watch Tower
14:24 Orc Burrow
14:43 Orc Burrow
14:54 Watch Tower
15:12 Watch Tower
16:46 War Mill
17:57 Watch Tower
18:15 Beastiary
18:23 Watch Tower
18:39 Watch Tower
19:04 Orc Burrow
19:35 Watch Tower
20:04 Watch Tower
20:08 Watch Tower
20:14 Watch Tower
21:25 Watch Tower
23:32 Spirit Lodge
23:52 Watch Tower
23:57 Watch Tower
24:10 Watch Tower
24:16 Watch Tower
24:59 Orc Burrow
28:20 Orc Burrow
28:25 Orc Burrow
» items
| Lesser Clarity Potion | 8 | |
| Healing Salve | 2 | |
| Orb of Lightning | 4 | |
| Potion of Lesser Invulnerability | 2 | |
| Scroll of Protection | 2 | |
| Scroll of Town Portal | 1 | |
| Potion of Healing | 2 | |
21 total
Team3 (
purple | 71 APM | 4163 actions | 58:21)
10 Archmage
3 Summon Water Elemental
3 Brilliance Aura
1 Mass Teleport
3 Blizzard
» actions
| Assign group hotkey | 119 | |
| Basic commands | 60 | |
| Build / train | 236 | |
| ESC pressed | 7 | |
| Enter build submenu | 52 | |
| Enter hero's abilities submenu | 10 | |
| Give item / drop item | 14 | |
| Right click | 1675 | |
| Select / deselect | 647 | |
| Select group hotkey | 999 | |
| Use ability | 343 | |
4163 total
» units
| Peasant | 32 | |
| Footman | 9 | |
| Goblin Shredder | 5 | |
| Goblin Zeppelin | 16 | |
| Goblin Sapper | 7 | |
| Gryphon Rider | 20 | |
| Blue Dragon | 3 | |
| Dragonhawk Rider | 5 | |
| Flying Machine | 7 | |
104 total
» upgrades
| Masonry | 3 | |
| Swords | 3 | |
| Armor | 3 | |
| Animal War Training | 1 | |
| Storm Hammers | 1 | |
| Cloud | 1 | |
| Plating | 3 | |
| Flak Cannons | 1 | |
| Gunpowder | 2 | |
| Flying Machine Bombs | 1 | |
19 total
» buildings
| Altar of Kings | 1 | |
| Barracks | 1 | |
| Farm | 12 | |
| Lumber Mill | 1 | |
| Arcane Vault | 1 | |
| Town Hall | 3 | |
| Keep | 6 | |
| Blacksmith | 1 | |
| Castle | 3 | |
| Gryphon Aviary | 5 | |
| Scout Tower | 22 | |
| Guard Tower | 23 | |
| Workshop | 3 | |
| Arcane Tower | 6 | |
88 total
» build order
00:53 Altar of Kings
00:56 Barracks
00:57 Farm
01:06 Farm
01:23 Farm
01:56 Lumber Mill
02:02 Farm
02:10 Arcane Vault
02:33 Farm
03:53 Town Hall
06:17 Farm
06:52 Keep
06:52 Keep
06:52 Keep
06:55 Blacksmith
09:22 Castle
09:22 Castle
09:25 Gryphon Aviary
09:26 Gryphon Aviary
10:28 Scout Tower
10:28 Scout Tower
10:29 Scout Tower
10:30 Scout Tower
11:42 Guard Tower
11:42 Guard Tower
11:42 Guard Tower
11:57 Scout Tower
11:58 Scout Tower
11:58 Scout Tower
11:59 Scout Tower
12:01 Scout Tower
12:02 Scout Tower
12:42 Guard Tower
12:42 Guard Tower
12:59 Scout Tower
12:59 Scout Tower
13:01 Scout Tower
13:05 Scout Tower
13:10 Scout Tower
13:31 Guard Tower
13:31 Guard Tower
13:32 Guard Tower
13:32 Guard Tower
13:32 Guard Tower
13:33 Keep
13:33 Keep
13:53 Scout Tower
13:53 Scout Tower
13:54 Scout Tower
14:46 Guard Tower
14:47 Guard Tower
16:08 Guard Tower
19:20 Farm
19:20 Farm
19:21 Farm
21:16 Workshop
21:18 Workshop
21:21 Workshop
25:11 Gryphon Aviary
25:12 Gryphon Aviary
25:14 Gryphon Aviary
28:00 Farm
28:01 Farm
28:01 Farm
32:11 Town Hall
38:16 Town Hall
39:32 Scout Tower
39:35 Scout Tower
39:39 Scout Tower
39:51 Scout Tower
39:59 Guard Tower
40:00 Guard Tower
40:03 Arcane Tower
40:03 Arcane Tower
40:03 Arcane Tower
40:10 Guard Tower
40:10 Guard Tower
40:50 Arcane Tower
40:50 Arcane Tower
» items
| Scroll of Regeneration | 7 | |
| Mechanical Critter | 11 | |
| Lesser Clarity Potion | 4 | |
| Scroll of Town Portal | 5 | |
| Boots of Speed | 1 | |
| Periapt of Vitality | 1 | |
| Potion of Healing | 3 | |
| Staff of Sanctuary | 1 | |
| Potion of Lesser Invulnerability | 1 | |
| Scroll of Protection | 1 | |
| Scroll of Healing | 1 | |
36 total
Chat log
(00:09 / All) ThirdTeam: I got a room downtown with a bed and a big TV
(00:17 / All) 1.8T: so ? lol
(00:27 / All) jonas33: mirin
(00:30 / Allies) Team3: nice we have 1 of each race
(00:43 / All) ThirdTeam: Alone, I feel alone, when I'm living in a building like a tooth in heaven's throat
(01:18 / All) ThirdTeam: and you can give me work, but I can't work for free
(06:59 / Allies) CHECO: is he in our team?
(06:59 / All) Team3: jesus fucking christ get the fuck out if you are going to lag that bad
(07:03 / All) Oni-: he's troll
(07:05 / All) ThirdTeam: turn off utorrent
(07:06 / All) ThirdTeam: lel
(07:28 / Allies) Team3: faggot I needed that zeppelin for my build
(07:35 / Allies) Team3: fucking retard
(07:39 / Allies) Team3: now I can't creep the ogres in the middle'
(07:43 / Allies) Team3: because your trash noob elf ass
(07:47 / Allies) Team3: has to get the fucking island creeps
(08:01 / All) Team3: Blue is a faggot
(08:09 / All) Team3: he thinks it's better for him to creep an island
(08:15 / All) Team3: than for me to solo creep all the fucking ogres
(08:16 / Allies) Team3: on the map
(08:20 / All) Team3: with 1 hero
(08:33 / Allies) Team3: you fucking nigger
(08:38 / Allies) Team3: dumb bitch noob elf
(08:39 / Allies) Oni-: uh?
(09:19 / Allies) Team3: nigger bitch blue ruining my plan
(10:26 / Allies) Team3: ty
(11:12 / Allies) Oni-: gold plz purp
(12:29 / Allies) redskins: wtf purple
(12:34 / Allies) Team3: wtf yourself
(12:37 / Allies) Team3: faggot zeppelin stealer
(12:39 / Allies) Team3: and creep jacker
(12:41 / Allies) Oni-: purp has 3k gold lol
(12:45 / Allies) Oni-: so bad
(12:53 / Allies) Team3: better than you
(12:56 / Allies) Team3: you just don't know how to expo
(12:57 / Allies) Team3: faggot
(12:58 / Allies) Oni-: oh really? 1v1?
(13:02 / Allies) redskins: wtf ever
(13:03 / Allies) Team3: you'd lose
(13:06 / Allies) Oni-: good joke
(13:07 / Allies) Team3: shut the fuck up faggot blue
(13:12 / Allies) Oni-: i would fucking rape you blindfolded
(13:13 / Allies) Team3: you're trash orange just shut up
(13:17 / Allies) Oni-: lol
(13:19 / Allies) Team3: don't talk to your better like that dumb nigger
(13:22 / Allies) Team3: you are 17-15
(13:24 / Allies) Team3: for a fucking reason
(13:28 / Allies) Team3: you fucking clown
(13:32 / Allies) Oni-: playing 4v4? rofl
(13:40 / Allies) Team3: you're shit shut up
(13:55 / Allies) Oni-: you know you'll lose so you won't 1v1 me
(13:58 / Allies) Team3: kill yourself
(15:07 / Allies) Team3: nice 30 min creeping
(15:11 / Allies) Team3: bitch boy orange
(18:11 / Allies) Team3: can you fucking faggots do something
(18:15 / Allies) Team3: you idiots just jack off all game
(18:18 / Allies) Oni-: rofl
(18:19 / Allies) Team3: wanking in your gfucking bases
(18:25 / Allies) Team3: go attack you fucking retards or I tk and rape every single one of you
(18:30 / Allies) Oni-: like mass towers and sit on 3k gold?
(18:37 / Allies) Team3: kill yourself I did more than you all game
(18:40 / Allies) Team3: fucking DO SOMETHING FAGGOT
(18:42 / Allies) Oni-: k
(18:46 / Allies) Oni-: you're a joke
(18:55 / Allies) Team3: DO SOMWETHING YOU FUCKING 17-15 PIECE OF SHIT
(19:00 / Allies) Oni-: rofl
(19:09 / All) Team3: HOLY SHIT MY TEAM IS BAD
(19:21 / All) Oni-: purp is completely retarded
(19:27 / All) Team3: Orange is 17-15 and thinks he's pro
(19:29 / All) Team3: he has done jack shit all game
(19:32 / All) Team3: he creeps like 30 mins in
(19:40 / All) Team3: and insults you for doing nothing
(19:40 / All) Oni-: purp is massing towers and sitting on 3k gold
(19:43 / All) Oni-: thinks he is good
(19:49 / All) Team3: blue does jack shit either but ruin builds
(20:16 / Allies) Oni-: we can attack anytime
(20:24 / Allies) Team3: THEN DO IT YOU FUCKING TARD
(20:29 / Allies) Oni-: rifk
(20:34 / Allies) Oni-: you must be like 12
(20:42 / Allies) Oni-: tp
(20:45 / All) Team3: lawl that's a shitload of hippos
(21:14 / Allies) Oni-: atk
(21:45 / Allies) Team3: pro throwing wyv away at creeps yellow
(21:59 / Allies) Team3: kill expos u idiots
(22:24 / Allies) Team3: you pricks need to play the campaign first or something jesus
(22:59 / Allies) Oni-: we can 1v1 when you're ready purp
(23:05 / Allies) Team3: just leave asshole I can win myself
(23:24 / Allies) Team3: I want control of your shit already
(23:46 / Allies) Oni-: you are the textbook 4v4 retard player
(23:48 / Allies) Oni-: I love it
(23:52 / Allies) Team3: lawl
(23:55 / Allies) Oni-: hurr durr mass towers
(24:05 / Allies) Team3: I bet you have like 50 apm
(24:14 / Allies) Oni-: 1v1 and find out my apm
(24:20 / Allies) Oni-: 4v4 doesn't mean shit
(24:26 / Allies) Oni-: just fucking around
(24:27 / Allies) Team3: lol ok
(24:29 / Allies) Team3: sure buddy
(24:38 / Allies) Team3: I bet you say taht every time
(24:40 / Allies) Team3: you play like shit
(25:03 / Allies) Oni-: i'm 17-15 in 4v4 because of noobshits like you
(25:08 / Allies) Team3: k
(25:11 / Allies) Oni-: sadly I can't play everyone
(25:21 / Allies) Team3: yeah I wish I could have played you
(25:25 / Allies) Team3: you're shit
(25:29 / Allies) Oni-: k
(25:42 / Allies) Oni-: mass some more towers with your 4500 gold
(25:43 / Allies) Oni-: rofl
(25:46 / Allies) Team3: just leave clown
(25:56 / Allies) Team3: I don't need or want your 'help'
(26:06 / Allies) Oni-: 4500 gold and only 51/78 food LOL
(26:14 / Allies) Oni-: do you know how to make units?
(26:14 / Allies) Team3: do you know
(26:16 / Allies) Team3: what fucking upkeep
(26:17 / Allies) Team3: is
(26:18 / Allies) Team3: you faggot
(26:30 / Allies) Oni-: do you know what units are?
(28:18 / Allies) Oni-: did you make a new account because your real one is nothing but losses?
(28:37 / Allies) Team3: do you normally talk to better players like you are anything but a steaming pile of shit
(28:50 / Allies) Oni-: says the guy who is too pussyshit to play me
(29:00 / Allies) Team3: i 1v1 you right now
(29:04 / Allies) Oni-: k
(29:21 / Allies) Team3: raped
(29:23 / Allies) Oni-: tking, so what I expect from 12 year old 4v4 players
(29:27 / Allies) Team3: I'm 1v1ing you
(29:29 / Allies) Team3: get fucked
(29:33 / Allies) Oni-: rofl ok kiddo
(29:33 / Allies) Team3: can't take the heat?
(29:40 / Allies) Oni-: I love how defensive you are
(30:19 / Allies) Oni-: you aren't even good at teamkilling
(30:30 / Allies) Team3: good at hero killing
(30:46 / Allies) Oni-: whisper me for 1v1 pussyshit. I'll be waiting in channel
(31:02 / All) Team3: I was really irrationally angry at my team all game
(31:09 / All) Team3: not sure why
(31:15 / All) Team3: just was ticked off for some reason really bad
(32:42 / All) Team3: is that a fucking mountain giant
(32:48 / All) Team3: you are a great player red
(34:38 / All) Team3: Not sure why I have so little gold this game compared to usual
(34:43 / All) Team3: guess froom faggot red harassing my expo
(34:56 / All) Team3: and bitch boy blue fucking my build
(36:37 / All) ThirdTeam: it's easy to troll a jonas fan
(38:48 / All) Team3: Your team has all the most annoying shit
(38:53 / All) Team3: rifles, hippos and hipporiders
(38:56 / All) Team3: mass arcjer
(39:31 / All) jonas33: lol u guys gay mates?
(39:46 / All) Team3: are you, being a jonas brothers fan in 2015
(41:22 / All) jonas33: why i even care...
(43:01 / All) ThirdTeam: If red doesn't apologize I don't stop
(43:12 / All) ThirdTeam: That's too bad
(45:48 / All) Team3: damn red has a lot of shit queued
(48:31 / All) ThirdTeam: He is silver tongued, and seeks to varnish his true opinions
(48:38 / All) ThirdTeam: but I see the spite and poison deeper down
(48:45 / All) ThirdTeam: I'll not be cheated out of my gold mines
(48:59 / All) Team3: 68-64 now pink
(49:03 / All) ThirdTeam: Crooked tongue
(49:07 / All) ThirdTeam: Evil heart
(49:21 / All) ThirdTeam: I am no man's fool!
(49:42 / All) ThirdTeam: Aye, I am and will
(52:18 / All) ThirdTeam: I was offered no apology
(52:25 / All) ThirdTeam: Therefore I can not aid in a victory
(52:38 / All) ThirdTeam: I would rather snatch defeat from the jaws of victory
(52:58 / All) ThirdTeam: than allow cheats and crooked tongue blackguards to win at this game
(54:10 / All) Team3: Orange wants to 1v1 me
(54:26 / All) Team3: He hosted already
(54:33 / All) Team3: I never really even agreed to play and don't really want to
(54:39 / All) Team3: I'm just going to join it and go AFK
(54:51 / All) Team3: then if he leaves once he notices I'm AFK rub it in his face and say I won
(57:30 / All) ThirdTeam: who do you want to lose
(58:02 / All) Team3: d
(58:06 / All) Team3: I alt tabbed because of irc
(58:08 / All) Team3: got a message
(58:12 / All) Team3: I'd rather my team lose
(58:15 / All) ThirdTeam: k